Cogmind - Beta 14 *** ADVENTURER MODE // 2025.01.13 @ 13:08:06 // Winter2019/RPGLIKE Player: IceNine Result: Destroyed by TG-5LE(R) with Subdweller Laser Performance ------------- Evolutions (0) 0 Regions Visited (3) 600 Robots Destroyed (10) 50 Value Destroyed (262) 262 Prototype IDs (1) 20 Alien Tech Used (0) 0 Bonus (0) 0 TOTAL SCORE: 932 Bonus ------- None Cogmind --------- Core Integrity 0/700 Matter 238/300 Energy 300/300 System Corruption 0% Temperature Cool (6) Movement Walking (190) Ox1 Location -10/Subcaves Parts ------- > --- POWER (1) -------- Ion Engine > --- PROPULSION (3) --- Aluminum Leg Aluminum Leg Aluminum Leg > --- UTILITY (3) ------ Scrap Shield > --- WEAPON (2) ------- Bore Cannon Mining Laser > --- INVENTORY (2) ---- Bomb Drone Bay (16/16) Peak State ------------ > --- POWER ------------ Ion Engine > --- PROPULSION ------- Aluminum Leg Aluminum Leg Aluminum Leg > --- UTILITY ---------- Targeting Computer Bomb Drone Bay > --- WEAPON ----------- Medium Laser Bore Cannon > --- INVENTORY -------- (None) [Rating: 25] Favorites ----------- Power Ion Engine Engine Ion Engine Propulsion Aluminum Leg Leg Aluminum Leg Utility Heat Sink Device Heat Sink Processor Targeting Computer Protection Scrap Shield Weapon Medium Laser Energy Gun Medium Laser Ballistic Gun Light Assault Rifle Ballistic Cannon Bore Cannon Special Weapon Mining Laser Build | -11 -10 -10 -10 ------- Run | Yrd Mat Min Sub Slots Evolved 5 | 5 . . . Power . | . . . . Propulsion 2 | 2 . . . Utility 2 | 2 . . . Weapon 1 | 1 . . . Parts Attached 13 | 5 2 5 1 Power 1 | 1 . . . Engine 1 | 1 . . . Core . | . . . . Reactor . | . . . . Propulsion 3 | 2 . 1 . Treads . | . . . . Leg 3 | 2 . 1 . Wheel . | . . . . Hover . | . . . . Flight . | . . . . Utility 5 | . 2 2 1 Device 3 | . 2 1 . Storage . | . . . . Processor 1 | . . 1 . Hackware . | . . . . Protection 1 | . . . 1 Artifact . | . . . . Weapon 4 | 2 . 2 . Energy Gun 1 | 1 . . . Energy Cannon . | . . . . Ballistic Gun 1 | 1 . . . Ballistic Cannon 1 | . . 1 . Launcher . | . . . . Special Weapon 1 | . . 1 . Impact Weapon . | . . . . Slashing Weapon . | . . . . Piercing Weapon . | . . . . Special Melee Weapon . | . . . . Unidentified Prototypes 1 | . . 1 . Parts Lost . | . . . . Power . | . . . . Propulsion . | . . . . Utility . | . . . . Weapon . | . . . . Highest Loss Streak . | . . . . To Critical Strikes . | . . . . Average Slot Usage (%) 77 | . 75 78 77 Engine 11 | . 11 11 11 Leg 24 | . 22 23 33 Device 13 | . 20 14 . Processor 4 | . . 7 . Protection 1 | . . . 9 Energy Gun 8 | . 11 10 . Ballistic Gun 3 | . 11 1 . Ballistic Cannon 7 | . . 9 11 Special Weapon 2 | . . . 11 Peak Build Rating 25 | 5 7 25 25 Average Rating 15 | 3 6 19 15 On Entrance 9 | . 5 7 25 Naked Turns . | . . . . Heaviest Build 33 | 8 10 24 33 Greatest Support 30 | 20 20 30 30 Greatest Overweight (x) 1 | 1 . 1 1 Average Overweight (x) . | . . . . Largest Inventory Capacity 2 | 1 1 1 2 Average Capacity 1 | 1 1 1 1 Most Carried 2 | 1 1 1 2 Average Carried . | . . . 1 Final Capacity 2 | 1 1 1 2 Final Carried 2 | 1 . 1 2 Class Distribution -------------------- 100% | Mutant Dominant Class ---------------- Mutant | -10/Materials Mutant | -10/Mines Mutant | -10/Subcaves Resources | -11 -10 -10 -10 ----------- Run | Yrd Mat Min Sub Matter Collected 390 | 128 154 108 . Remotely . | . . . . Salvage Created 208 | . 120 31 57 Parts 8 | . 4 2 2 Haulers Intercepted 1 | . 1 . . Recyclers Shooed . | . . . . Parts Field Recycled . | . . . . Retrieved Matter . | . . . . Parts Self-Destructed . | . . . . Prevented . | . . . . Kills | -11 -10 -10 -10 ------- Run | Yrd Mat Min Sub Combat Hostiles Destroyed 8 | . 2 5 1 Guns 6 | . 2 4 . Cannons 2 | . . 1 1 Classes Destroyed 6 | . 3 2 1 Hauler 1 | . 1 . . Watcher 1 | . 1 . . Swarmer 3 | . . 3 . Grunt 2 | . 2 . . Demolisher 2 | . . 2 . Subdweller 1 | . . . 1 Best Kill Streak 3 | . 2 3 1 Combat Bots Only 3 | . 2 3 1 Max Kills in Single Turn 1 | . 1 1 1 Gunslinging . | . . . . Exploded . | . . . . Melee . | . . . . Uniques/NPCs Destroyed . | . . . . Combat | -11 -10 -10 -10 -------- Run | Yrd Mat Min Sub Hostile Shots Fired 105 | . 5 80 20 Missed 38 | . 1 29 8 Damage Taken 943 | . 33 720 190 Core 737 | . 27 587 123 Absorbed by Shields . | . . . . Redirected to Core 536 | . 18 425 93 Ignored by Resistances 318 | . 10 236 72 Core Remaining (%) 100 | 100 . . . Volleys Fired 38 | . 16 19 3 Largest 2 | . 2 2 2 Hottest 157 | . 70 157 157 Shots Fired 73 | . 31 38 4 Gun 55 | . 31 24 . Cannon 14 | . . 11 3 Launcher . | . . . . Special 4 | . . 3 1 Kinetic 38 | . 16 19 3 Thermal 35 | . 15 19 1 Explosive . | . . . . Electromagnetic . | . . . . Robot Hit Streak 12 | . 12 10 4 Robot Miss Streak 2 | . 1 2 . Penetration Max . | . . . . Secondary Targets 2 | . 1 1 . Max Gunslinging Chain 1 | . 1 1 . Shots Hit Robots 50 | . 23 24 3 Core Hits 17 | . 9 7 1 Critical Kills 2 | . . 1 1 Critical Parts Destroyed 1 | . . 1 . Critical Strikes 9 | . . 7 2 Burn 2 | . . 2 . Destroy 7 | . . 5 2 Melee Attacks . | . . . . Impact . | . . . . Slashing . | . . . . Piercing . | . . . . Sneak Attacks . | . . . . Combat Hostiles . | . . . . Follow-up Attacks . | . . . . Damage Inflicted 629 | . 243 311 75 Guns 434 | . 243 191 . Cannons 195 | . . 120 75 Explosions . | . . . . Melee . | . . . . Ramming . | . . . . Kinetic 342 | . 96 171 75 Thermal 287 | . 147 140 . Explosive . | . . . . Electromagnetic . | . . . . Impact . | . . . . Slashing . | . . . . Piercing . | . . . . Highest Corruption . | . . . . Average Corruption . | . . . . Corruption Purged . | . . . . Corruption Blocked . | . . . . Overload Shots . | . . . . Overflow Damage . | . . . . Projectiles . | . . . . Explosions . | . . . . Melee . | . . . . Knockbacks 3 | . . 3 . Impact . | . . . . Kinetic 3 | . . 3 . Secondary . | . . . . Self-Inflicted Damage . | . . . . Shots . | . . . . Rammed . | . . . . Targets Rammed . | . . . . Kicked . | . . . . Crushed . | . . . . Highest Temperature 148 | . 32 148 3 Average Temperature 34 | . 11 46 3 Received Heat Transfer 173 | . 24 80 69 Siege Activations . | . . . . Robots Corrupted . | . . . . Combat Hostiles . | . . . . Parts Fried . | . . . . Impact Corruptions . | . . . . Robots Melted . | . . . . Combat Hostiles . | . . . . Parts Melted 3 | . 1 2 . Heat Transferred 999 | . 444 555 . Parts Sabotaged . | . . . . Parts Stolen . | . . . . Parts Stripped . | . . . . Power Chain Reactions . | . . . . Alert | -11 -10 -10 -10 ------- Run | Yrd Mat Min Sub Peak Influence 145 | . 69 145 . Initial 22 | . . 22 . Average 69 | . 44 83 . Maximum Alert Level . | . . . . Low Security (%) 100 | 100 100 100 . Level 1 . | . . . . Level 2 . | . . . . Level 3 . | . . . . Level 4 . | . . . . Level 5 . | . . . . High Security . | . . . . Max Security . | . . . . Squads Dispatched . | . . . . Investigation . | . . . . Extermination . | . . . . Reinforcement . | . . . . Assault . | . . . . Garrison . | . . . . Intercept . | . . . . Searches Triggered . | . . . . Construction Impeded . | . . . . Haulers Reinforced . | . . . . Active Scanning Responses . | . . . . Cargo Convoy Interrupts . | . . . . Stealth | -11 -10 -10 -10 --------- Run | Yrd Mat Min Sub Distress Signals 1 | . . 1 . Communications Jammed . | . . . . Distress Signals . | . . . . Times Spotted 43 | . 5 26 12 Peak Tracking Total 20 | . 2 20 11 Tactical Retreats 3 | . . 2 1 Traps | -11 -10 -10 -10 ------- Run | Yrd Mat Min Sub Traps Triggered . | . . . . Indirectly . | . . . . Trap Hack Attempts . | . . . . Triggered . | . . . . Disarmed . | . . . . Reprogrammed . | . . . . Reused . | . . . . Traps Extracted . | . . . . Installed . | . . . . Triggered . | . . . . Machines | -11 -10 -10 -10 ---------- Run | Yrd Mat Min Sub Machines Disabled . | . . . . Max in Single Turn . | . . . . Machines Repaired . | . . . . Machines Dismantled . | . . . . Machines Sabotaged . | . . . . Overloaded Fab Kills . | . . . . Hacking | -11 -10 -10 -10 --------- Run | Yrd Mat Min Sub Machines Accessed 1 | . . 1 . Terminals . | . . . . Fabricators . | . . . . Repair Stations . | . . . . Recycling Units . | . . . . Scanalyzers . | . . . . Garrison Access . | . . . . Total Hacks 1 | . . 1 . Successful 1 | . . 1 . Failed . | . . . . Catastrophic . | . . . . Database Lockouts . | . . . . Manual . | . . . . Terminals . | . . . . Fabricators . | . . . . Repair Stations . | . . . . Recycling Units . | . . . . Scanalyzers . | . . . . Garrison Access . | . . . . Terminal Hacks 1 | . . 1 . Open Door 1 | . . 1 . Fabricator Hacks . | . . . . Repair Station Hacks . | . . . . Recycling Unit Hacks . | . . . . Scanalyzer . | . . . . Garrison Access Hacks . | . . . . Unauthorized Hacks . | . . . . Terminals . | . . . . Fabricators . | . . . . Repair Stations . | . . . . Recycling Units . | . . . . Scanalyzers . | . . . . Garrison Access . | . . . . Data Cores Recovered . | . . . . Used . | . . . . Hacking Detections . | . . . . Full Trace Events . | . . . . Feedback Events . | . . . . Feedback Blocked . | . . . . Robot Schematics Acquired . | . . . . Robots Built . | . . . . Authchips . | . . . . Time . | . . . . Total Robot Build Rating . | . . . . Part Schematics Acquired . | . . . . Parts Built . | . . . . Authchips . | . . . . Time . | . . . . Total Part Build Rating . | . . . . Parts Repaired . | . . . . Time . | . . . . Parts Recycled . | . . . . Recycled Matter . | . . . . Retrieved Matter . | . . . . Retrieved Components . | . . . . Parts Scanalyzed . | . . . . Part Schematics Acquired . | . . . . Parts Damaged . | . . . . Bothacking | -11 -10 -10 -10 ------------ Run | Yrd Mat Min Sub Used RIF Installer . | . . . . Robots Hacked . | . . . . Non-combat . | . . . . Combat . | . . . . Robot Hacks Applied . | . . . . Relay Couplers Released . | . . . . Fabnet Peak Effective % . | . . . . Robots Rewired . | . . . . Allies Hacked . | . . . . Hacks Repelled . | . . . . Allies | -11 -10 -10 -10 -------- Run | Yrd Mat Min Sub Total Allies . | . . . . Largest Group . | . . . . Highest-Rated Group . | . . . . Highest-Rated Ally . | . . . . Total Orders . | . . . . Ally Attacks . | . . . . Total Damage . | . . . . Kills . | . . . . Allies Corrupted . | . . . . Allies Melted . | . . . . Intel | -11 -10 -10 -10 ------- Run | Yrd Mat Min Sub Robot Analysis Total . | . . . . Derelict Logs Recovered 1 | . . 1 . Drone Launches . | . . . . Drone Recoveries . | . . . . Exploration | -11 -10 -10 -10 ------------- Run | Yrd Mat Min Sub Turns Passed 999 | 50 210 586 153 Spaces Moved 572 | 37 136 323 76 Core 4 | 4 . . . Treads . | . . . . Legs 568 | 33 136 323 76 Wheels . | . . . . Hover . | . . . . Flight . | . . . . Fastest Speed 50 | 50 120 120 120 Average Speed 147 | 115 120 154 182 Slowest Speed 190 | 120 120 190 190 Overloaded Moves . | . . . . Propulsion Burnouts . | . . . . Robots Hopped . | . . . . Cave-ins Triggered . | . . . . Exploration Rate (%) 28 | 3 29 72 10 Regions Visited 3 Branch Regions 2 Pre-discovered Areas . | . . . . Known Exits Taken 1 | . . 1 . Unknown Exits Taken 2 | 1 1 . . Scrap Searched 1 | . . 1 . Spaces Dug . | . . . . Terrain Destroyed 6 | . . 6 . Melee . | . . . . Projectile 6 | . . 6 . AOE . | . . . . Terrain Rammed . | . . . . Walls Destroyed . | . . . . Machines Disabled . | . . . . Actions | -11 -10 -10 -10 --------- Run | Yrd Mat Min Sub Total 648 | 42 154 367 85 Wait 12 | . . 12 . Move 569 | 36 135 322 76 Hop . | . . . . Pick Up 5 | 1 . 2 2 Fast Attach 12 | 5 2 5 . Attach 1 | . . . 1 Detach . | . . . . Swap . | . . . . Drop 9 | . 1 5 3 Fire 38 | . 16 19 3 Melee . | . . . . Ram . | . . . . Kick . | . . . . Crush . | . . . . Escape Stasis . | . . . . Rewire . | . . . . Trap . | . . . . Miscellaneous 2 | . . 2 . Route ------- -11/Scrapyard -10/Materials (discovered 3 exits: [*Mat] / *Min / Sub) -10/Mines (discovered 2 exits: [*Mat] / *Sub) -10/Subcaves History --------- Turn | Location | Event 1 | -11/Scrapyard | Upgraded with Propulsion slot (x2) 1 | -11/Scrapyard | Upgraded with Utility slot (x2) 1 | -11/Scrapyard | Upgraded with Weapon slot (x1) 15 | -11/Scrapyard | Discovered new exit (range 16) 51 | -11/Scrapyard | Entered Materials 147 | -10/Materials | Discovered new exit (range 17) 164 | -10/Materials | Discovered new exit (range 9) 225 | -10/Materials | Discovered new exit (range 17) 261 | -10/Materials | Entered Mines 284 | -10/Mines | Met a Derelict bent on vengeance 310 | -10/Mines | Identified exit to Subcaves 315 | -10/Mines | Build established: Mutant 324 | -10/Mines | Assembled infested the area 329 | -10/Mines | Assisted by a Guerilla fighting off Assembled 375 | -10/Mines | Core integrity fell below 50% 407 | -10/Mines | Core integrity fell below 20% 450 | -10/Mines | Found the Drone Emporium 464 | -10/Mines | Found Prototype Device 464 | -10/Mines | Identified Bomb Drone Bay 782 | -10/Mines | Discovered new exit (range 11) 847 | -10/Mines | Entered Subcaves 849 | -10/Subcaves | A swath of the cavern ceiling suddenly collapsed 849 | -10/Subcaves | Reached level 2 982 | -10/Subcaves | Ambushed by swarm of Subdwellers 985 | -10/Subcaves | Ambushed by Subdwellers from Twisted Machinery 985 | -10/Subcaves | Ambushed by Subdwellers from Twisted Machinery 1000 | -10/Subcaves | Destroyed by TG-5LE(R) with Subdweller Laser Last Messages --------------- 00989_ R6-HZE(R) suffers critical hit (Destroy). 00989_ R6-HZE(R) destroyed. 00989_ HV Slug penetrates KS-OH9(R). 00989_ KS-OH9(R) knocked back. 00989_ HV Slug penetrates Wall. 00990_ IJ-LKD(R) destroyed. 00990_ PK-K7Q(g) destroyed. 00992_ HV Slug penetrates MH-FUK(R). 00992_ MH-FUK(R) suffers critical hit (Destroy). 00992_ MH-FUK(R) destroyed. 00993_ KS-OH9(R) suffers critical hit (Burn). 00996_ 5Q-VOP(R) suffers critical hit (Destroy). 00996_ S-10 Pest springs to life. 00996_ FB-WYT(g) destroyed. 00998_ HV Slug penetrates 5Q-VOP(R). 00998_ HV Slug penetrates 4U-8CM(R). 00998_ 4U-8CM(R) suffers critical hit (Destroy). 00998_ HV Slug penetrates Wall. 00999_ TG-5LE(R) affixes Scrap Shield Fragment to Scrap Shield. Map ----- +----------------------------------------------------+ | | | | | | | | | ?????????????????????????????????????????????????? | | ?????????????????????????????????????????????????? | | ?????????????????????????????????????????????????? | | ?????????????????????????????????????????????????? | | ?????????????????????????????????????????????????? | | ?????????????????????????????????????????????????? | | ?????????????????????????????????????????????????? | | ?????????????????????????????????????????????????? | | ?????????????????????????????????????????????????? | | ?????????????????????????????????????????????????? | | ?????????????????????????????????????????????????? | | ?????????????????????????????????????????????????? | | ???????????????????????#?????????????????????????? | | ??????????????????????## ???###??????????????????? | | ??????????###?????????# #### #??????????????????? | | ??????????# ??####### ## ###????????????????? | | ??????????# ## #;=### #######??????????? | | ??????????# R%%* ## ##?????????? | | ??????????? RR=& #?????????? | | ???????????????????#"R %%* ###???????? | | ???????????????????###R=%* ### #???????? | | ?????????????????????# h @ !% #?## ###?????? | | ?????????????????????# g!= ##??## ##????? | | ?????????????????????# =% #????## #????? | | ??????????????????? = #?????# #????? | | ????????????????? #???### #????? | | ???????????????? ; #### ##????? | | ?????????????? ###; ; ## ##?????? | | ???????????? ???### ; ## # ####??????? | | ???????????## ## ??????######### #?????????? | | ????????????####s s?###???????????## #?????????? | | ?????????????? s ????????????????# #?????????? | | ????????????? ????????????##?## #?????????? | | ????????????# ???????????### ## #?????????? | | ????????????#" ????????????# ###?????????? | | ?????????????" ?????????????# #?###???????? | | ????????????????????????????#### ## ##??????? | | ???????????????????????????????# ##?????? | | ????????????????????##???####### #?????? | | ????????????????????# #### ## ##?????? | | ????????????????????# ## #??????? | | ???????????????????## ### ##?????? | | ???????????????????# ### #?????? | | ???????????????????### ## #?????? | | ?????????????????????## ### #?????? | | ??????????????????????# ### ##????? | +----------------------------------------------------+ Best States ------------- Heat Dissipation 35 Energy Generation 10 Energy Capacity 300 Matter Stores 300 Matter Capacity 300 Sight Range 18 Robot Scan Range 6 Terrain Scan Density 110 Armor Coverage 800 Resistance: KI 25 Resistance: TH 25 Resistance: EX 20 Resistance: EM 20 Resistance: I 20 Resistance: S 20 Resistance: P 20 Evasion (%) 55 Targeting Accuracy 5 Offensive Hacking 10 Item Schematics ----------------- None Robot Schematics ------------------ None Fabricated ------------ Nothing Alien Tech Used ----------------- None Achievements -------------- None Challenges ------------ None RPGLIKE | -11 -10 -10 -10 --------- Run | Yrd Mat Min Sub Levels Raised 1 | . . . 1 XP Earned 6370 | 4000 270 1100 1000 XP Spent 5485 | 4000 . . 1485 Upgrades 19 | 13 . . 6 Propulsion Slot 2 | 2 . . . Utility Slot 2 | 2 . . . Weapon Slot 1 | 1 . . . Core Integrity 2 | 1 . . 1 Energy Storage 1 | 1 . . . Inventory Capacity 2 | 1 . . 1 Sight Range 2 | 1 . . 1 Sensor Range 3 | 2 . . 1 Terrain Scan Density 1 | 1 . . . Ranged Accuracy 1 | . . . 1 KI Resistance % 1 | 1 . . . TH Resistance % 1 | . . . 1 Protomatter Created 51 | . 35 16 . Integrity Restored 33 | . . 33 . Core 33 | . . 33 . Protomatter Decayed 69 | . 35 34 . Game ------ Seed TitaniumProtonAmplifier Manual? 0 Play Time 00:12:05 Cumulative 97.8 hours Start 2025.01.13 @ 12:54:35 End 2025.01.13 @ 13:08:06 Sessions 1 Manual Loads 0 Difficulty Adventurer Special Mode Winter2019/RPGLIKE Game No. 29 Rogue 22 Adventurer 7 Explorer 0 Win Type - Total 1 Types 1/0/0/0/0/0/0/0/0 Lore% 11 Gallery% 37 Achievement% 28 Wizard Run 0 Options --------- Layout 1 ASCII 0 Keyboard 0 Movement Mouse Keybinds 0 Fullscreen 0 Font 28/SmallcapsGlow Map View 59x39 Zoom Use 0% Tactical HUD 1 Map Filters NONE Filters NONE Steam 1 RUN: 4ebec607-a848-4fa5-a59c-40af778f124c